[Event "Titled Tuesday Blitz August 24 2021"]
[White "Kononenko, Dmitry"]
[Black "Silva, Miguel Antonio Neto"]
[WhiteFideId "14113538"]
[BlackFideId "1911929"]
[WhiteElo "2276"]
[BlackElo "2283"]
[Result "0-1"]
[Round "10"]
[TimeControl "180+1"]
[Date "2021.08.24"]
[WhiteClock "0:00:05"]
[BlackClock "0:00:41"]

1. e4 e5 2. Nf3 Nc6 3. d4 exd4 4. Nxd4 Nf6 5. Nc3 Bb4 6. Nxc6 bxc6 7. Bd3 d5 8. Bd2 O-O 9. O-O Rb8 10. Re1 Re8 11. e5 Ng4 12. h3 Nxe5 13. Bxh7+ Kxh7 14. Qh5+ Kg8 15. Rxe5 Rxe5 16. Qxe5 Bd6 17. Qd4 Rb4 18. Qxa7 Rxb2 19. Rc1 Bf5 20. Qa6 d4 21. Ne2 c5 22. Qa4 Qd7 23. Qa8+ Qc8 24. Qa4 Qd7 25. Qa8+ Qc8 26. Qa4 Qe6 27. Re1 Rxa2 28. Qb5 Qd7 29. Qb8+ Kh7 30. Nf4 Rxc2 31. Re8 Qxe8 32. Qxe8 Rxd2 33. g4 Bg6 34. Nd5 c4 35. h4 Rd1+ 36. Kg2 c3 37. h5 c2 38. hxg6+ fxg6 39. Qd8 c1=Q 40. Qh4+ Qh6 41. Qd8 Qh1# 0-1


[Site "https://www.chess.com"]

[Event "Titled Tuesday Blitz August 24 2021"]
[White "Koziol, Kamil"]
[Black "Farahat, Ali"]
[WhiteFideId "1161555"]
[BlackFideId "10600507"]
[WhiteElo "2025"]
[BlackElo "2321"]
[Result "0-1"]
[Round "10"]
[TimeControl "180+1"]
[Date "2021.08.24"]
[WhiteClock "0:00:32"]
[BlackClock "0:01:28"]

1. e4 e5 2. Nf3 Nc6 3. Nc3 Nf6 4. a3 d6 5. d4 Bg4 6. d5 Ne7 7. h3 Bd7 8. Bg5 Nfg8 9. Bc4 g6 10. O-O Bg7 11. Nh2 Nf6 12. f4 exf4 13. e5 dxe5 14. d6 cxd6 15. Qxd6 Qb6+ 16. Qxb6 axb6 17. Rae1 h6 18. Bh4 Nf5 19. Rxe5+ Be6 20. Bxe6 fxe6 21. Bxf6 Bxf6 22. Rxe6+ Kf7 23. Rfe1 Bd4+ 24. Kf1 Ng3# 0-1


[Site "https://www.chess.com"]

[Event "Titled Tuesday Blitz August 24 2021"]
[White "Krivonosov, Oleg"]
[Black "Demchenko, Anton"]
[WhiteFideId "11600349"]
[BlackFideId "4160258"]
[WhiteElo "2469"]
[BlackElo "2583"]
[Result "1/2-1/2"]
[Round "10"]
[TimeControl "180+1"]
[Date "2021.08.24"]
[WhiteClock "0:00:05"]
[BlackClock "0:00:04"]

1. Nf3 Nf6 2. c4 e6 3. g3 d5 4. d4 Bb4+ 5. Bd2 a5 6. Qc2 O-O 7. Bg2 c6 8. O-O Be7 9. Bf4 a4 10. Nbd2 a3 11. b3 Na6 12. e4 Nb4 13. Qb1 b6 14. Ne5 Bb7 15. Rd1 h6 16. h3 Ra5 17. Nd3 Ba6 18. Nxb4 Bxb4 19. Qc2 Qe7 20. e5 Nd7 21. Nf3 Rc8 22. Rac1 Bb7 23. Bd2 Raa8 24. Bxb4 Qxb4 25. Qd2 Qe7 26. cxd5 cxd5 27. Rxc8+ Bxc8 28. Rc1 Ba6 29. Bf1 Bxf1 30. Kxf1 Qf8 31. Rc7 Nb8 32. Ne1 Na6 33. Rc1 f6 34. exf6 Qxf6 35. Kg2 Rf8 36. Rc3 Nb4 37. Rf3 Qe7 38. Rxf8+ Qxf8 39. Nd3 Nxd3 40. Qxd3 Qd6 41. Qc3 Kf7 42. b4 b5 43. Qc5 Qa6 44. Qc7+ Kf6 45. Qf4+ Kg6 46. Qe5 Kh7 47. g4 Kg8 48. h4 Kf7 49. h5 Qa4 50. Qc7+ Kf6 51. Qe5+ Kf7 52. Qc7+ Kg8 53. Qc8+ Kh7 54. Qxe6 Qxb4 55. Qg6+ Kg8 56. Qe6+ Kh7 57. Qg6+ Kg8 58. Qe6+ Kh7 1/2-1/2


[Site "https://www.chess.com"]

[Event "Titled Tuesday Blitz August 24 2021"]
[White "Krysa, Leandro"]
[Black "Palchuk, Andrii"]
[WhiteFideId "116807"]
[BlackFideId "14176688"]
[WhiteElo "2490"]
[BlackElo "2320"]
[Result "0-1"]
[Round "10"]
[TimeControl "180+1"]
[Date "2021.08.24"]
[WhiteClock "0:00:40"]
[BlackClock "0:01:10"]

1. e4 d5 2. exd5 Nf6 3. Nf3 Bg4 4. Be2 Qxd5 5. d4 Nc6 6. O-O O-O-O 7. c4 Qh5 8. Be3 e5 9. d5 e4 10. Nd4 Nxd4 11. Qxd4 Bxe2 12. Qxa7 Bxf1 13. Qa8+ Kd7 14. Qxb7 Bd6 15. h3 Qd1 16. Nd2 Qxa1 17. Nxf1 Qxa2 18. Qc6+ Ke7 19. c5 Be5 20. d6+ cxd6 21. Bg5 dxc5 22. Qxc5+ Bd6 23. Qf5 Qe6 24. Qa5 Ra8 25. Qe1 h6 26. Bxf6+ gxf6 27. Ne3 Rhb8 28. Qd1 Rxb2 29. g3 Raa2 0-1


[Site "https://www.chess.com"]

[Event "Titled Tuesday Blitz August 24 2021"]
[White "Kuzubov, Yuriy"]
[Black "Cunha, Lucas Aguiar"]
[WhiteFideId "14112906"]
[BlackFideId "2125404"]
[WhiteElo "2564"]
[BlackElo "2361"]
[Result "0-1"]
[Round "10"]
[TimeControl "180+1"]
[Date "2021.08.24"]
[WhiteClock "0:00:07"]
[BlackClock "0:00:09"]

1. d4 Nf6 2. Nf3 c5 3. d5 b5 4. c4 Bb7 5. Nc3 b4 6. Na4 e6 7. dxe6 fxe6 8. b3 d5 9. cxd5 exd5 10. Bg5 Nbd7 11. e3 a6 12. Rc1 Rc8 13. Bd3 Be7 14. Bf5 Rc7 15. O-O O-O 16. Qc2 Qe8 17. Bxf6 Nxf6 18. Ng5 g6 19. Bh3 Bc8 20. Ne6 Bxe6 21. Bxe6+ Kg7 22. Rfd1 Qc6 23. Bh3 Ne4 24. f4 c4 25. g3 c3 26. Bg2 Nf6 27. Nb2 Qe6 28. Nd3 Qxe3+ 29. Kh1 Qb6 30. Re1 Bd6 31. Re2 Re7 32. Rxe7+ Bxe7 33. Re1 Bd6 34. Re6 Qc7 35. h4 Qd7 36. Bh3 Re8 37. f5 gxf5 38. Rxe8 Nxe8 39. Qf2 Kf6 40. g4 Ng7 41. g5+ Kg6 42. Qd4 Qe6 43. Bg2 Qe2 44. Qxd5 Qd1+ 45. Ne1 Qxe1+ 46. Bf1 Qxf1# 0-1


[Site "https://www.chess.com"]

[Event "Titled Tuesday Blitz August 24 2021"]
[White "Lashkin, Jegor"]
[Black "Maksimovic, Bojan"]
[WhiteFideId "13907808"]
[BlackFideId "14408120"]
[WhiteElo "2293"]
[BlackElo "2439"]
[Result "1-0"]
[Round "10"]
[TimeControl "180+1"]
[Date "2021.08.24"]
[WhiteClock "0:00:09"]
[BlackClock "0:00:06"]

1. d4 Nf6 2. c4 a6 3. Nc3 c5 4. Nf3 cxd4 5. Nxd4 e6 6. g3 Qc7 7. Qd3 Nc6 8. Nxc6 bxc6 9. Bg2 Be7 10. O-O O-O 11. b3 Rb8 12. Bf4 e5 13. Bg5 h6 14. Bxf6 Bxf6 15. Rfd1 Be7 16. Bh3 d6 17. Bxc8 Rbxc8 18. e4 Rcd8 19. h4 Qc8 20. Kg2 Qg4 21. Qf3 Qg6 22. h5 Qe6 23. Qf5 Rd7 24. Rd3 Rfd8 25. Rad1 Qxf5 26. exf5 Kf8 27. Kf3 f6 28. Ke4 Kf7 29. R1d2 Bf8 30. Na4 Ra7 31. Rd1 Rb8 32. Ke3 Be7 33. f3 Bf8 34. Ke2 Be7 35. R1d2 a5 36. Kd1 Bf8 37. Kc2 Rc7 38. Nc3 d5 39. cxd5 cxd5 40. Rxd5 Bb4 41. Rd7+ Rxd7 42. Rxd7+ Kg8 43. Nd5 Rc8+ 44. Kd3 Rc1 45. Rd8+ Kf7 46. Rd7+ Ke8 47. Rxg7 Rd1+ 48. Ke3 Rd4 49. Nxf6+ Kf8 50. Rd7 Bd2+ 51. Ke2 Bg5 52. Rxd4 exd4 53. Ne4 Be7 54. Kd3 1-0


[Site "https://www.chess.com"]

[Event "Titled Tuesday Blitz August 24 2021"]
[White "Lauridsen, Jesper Morch"]
[Black "Eswaran, Ashritha"]
[WhiteFideId "1401890"]
[BlackFideId "2080788"]
[WhiteElo "2277"]
[BlackElo "2453"]
[Result "0-1"]
[Round "10"]
[TimeControl "180+1"]
[Date "2021.08.24"]
[WhiteClock "0:00:01"]
[BlackClock "0:01:15"]

1. e4 c5 2. Nf3 d6 3. d4 cxd4 4. Nxd4 Nf6 5. Nc3 g6 6. Be3 Bg7 7. f3 Nc6 8. Qd2 O-O 9. Bc4 Bd7 10. O-O-O Ne5 11. Bb3 Rc8 12. h4 h5 13. Bh6 Nc4 14. Bxc4 Rxc4 15. Bxg7 Kxg7 16. Nb3 a5 17. Qd3 b5 18. Nd2 Rc5 19. Nb3 Rc4 20. Nd2 Rc8 21. Nxb5 Qb6 22. a4 Rc5 23. Nc4 Qa6 24. Nca3 Rfc8 25. Kb1 Be6 26. f4 Bc4 27. Qd4 e5 28. fxe5 dxe5 29. Qe3 Ng4 30. Qf3 Bxb5 31. axb5 Qe6 32. c4 a4 33. Rd2 Rxc4 34. Nxc4 Rxc4 35. Rc1 Rb4 36. Rd5 Nf6 37. Rc6 Qe7 38. Rxf6 Qxf6 39. Qxf6+ Kxf6 40. Ka2 Rb3 41. b6 Rxb6 42. Ka3 Rb3+ 43. Kxa4 Rxb2 0-1


[Site "https://www.chess.com"]

[Event "Titled Tuesday Blitz August 24 2021"]
[White "Lazavik, Denis"]
[Black "Korchmar, Vasiliy"]
[WhiteFideId "13515110"]
[BlackFideId "24131750"]
[WhiteElo "2436"]
[BlackElo "2370"]
[Result "1-0"]
[Round "10"]
[TimeControl "180+1"]
[Date "2021.08.24"]
[WhiteClock "0:00:11"]
[BlackClock "0:00:03"]

1. d4 Nf6 2. c4 c6 3. Nf3 d5 4. e3 Bg4 5. Qb3 Qb6 6. Ne5 Bf5 7. cxd5 Nxd5 8. Bd3 Qxb3 9. axb3 Bxd3 10. Nxd3 Na6 11. Bd2 e6 12. Ke2 Be7 13. Na3 O-O 14. Nc4 Nab4 15. Rhc1 Nxd3 16. Kxd3 Bb4 17. Bc3 Rfd8 18. Ke2 Bf8 19. Na5 Rd7 20. Bd2 Rad8 21. Nc4 a6 22. Ne5 Re7 23. Ba5 Rc8 24. e4 Nc7 25. Bb4 Ree8 26. Bxf8 Kxf8 27. Nd7+ Ke7 28. Nc5 Rcd8 29. Nxb7 Rb8 30. Na5 Rb6 31. Rxc6 Rxc6 32. Nxc6+ Kd6 33. Ne5 Rb8 34. Rc1 Nb5 35. Rc6+ Ke7 36. Ke3 f6 37. Nc4 Rd8 38. d5 exd5 39. exd5 Rxd5 40. Rxa6 Rd7 41. Na5 Kf7 42. Nc6 Kg6 43. Rb6 Nc7 44. Nb4 Re7+ 45. Kd3 Ne6 46. g3 Nc5+ 47. Kc4 Ne4 48. Nd5 Re5 49. Nf4+ Kh6 50. Nd3 Re7 51. Kd4 Nd2 52. b4 Rd7+ 53. Kc3 Ne4+ 54. Kc2 Nd6 55. b3 Nf5 56. Nc5 Nd4+ 57. Kb2 Re7 58. Rd6 Re2+ 59. Kc3 Nb5+ 60. Kd3 Rxf2 61. Rb6 Na3 62. b5 Rxh2 63. Rb8 Rg2 64. b6 Rxg3+ 65. Ke2 Rg2+ 66. Kf3 Rg5 67. b7 Rxc5 68. Ra8 Rb5 69. b8=Q Rxb8 70. Rxb8 Kg6 71. b4 Kf5 72. b5 Ke6 73. b6 Kd7 74. b7 Kc7 75. Ra8 1-0


[Site "https://www.chess.com"]

[Event "Titled Tuesday Blitz August 24 2021"]
[White "Leitao, Rafael"]
[Black "Damjanovic, Vladimir"]
[WhiteFideId "2101246"]
[BlackFideId "903795"]
[WhiteElo "2609"]
[BlackElo "2374"]
[Result "0-1"]
[Round "10"]
[TimeControl "180+1"]
[Date "2021.08.24"]
[WhiteClock "0:00:22"]
[BlackClock "0:00:08"]

1. c4 Nf6 2. Nc3 e6 3. e4 e5 4. d3 Nc6 5. f4 Bb4 6. Nf3 d6 7. a3 Bxc3+ 8. bxc3 O-O 9. f5 g6 10. Bg5 gxf5 11. Be2 h6 12. Bh4 Kg7 13. O-O Ne7 14. Bxf6+ Kxf6 15. d4 f4 16. g3 Ng6 17. Qd2 Kg7 18. Kh1 f5 19. dxe5 fxe4 20. gxf4 exf3 21. Bd3 dxe5 22. Qc2 Nxf4 23. Rxf3 Kh8 24. Rg1 Bd7 25. Be4 Qf6 26. Qf2 Rg8 27. Rfg3 Bc6 28. Qf3 Bxe4 29. Qxe4 Qc6 30. Qxc6 bxc6 31. Re1 Rxg3 32. hxg3 Nd3 33. Re3 Rd8 34. Kg2 Kg7 35. Kf3 Kf6 36. Ke2 Nc5 37. Rf3+ Ke6 38. g4 Rg8 39. Rh3 Rg6 40. Ke3 Nd7 41. g5 hxg5 42. Rh8 g4 43. Kf2 Nf6 44. Ra8 g3+ 45. Kg2 Nh5 46. Rxa7 Nf4+ 47. Kg1 g2 0-1


[Site "https://www.chess.com"]

[Event "Titled Tuesday Blitz August 24 2021"]
[White "Lopez Del Alamo, Antonio"]
[Black "Wagner, Dinara"]
[WhiteFideId "2227339"]
[BlackFideId "24157570"]
[WhiteElo "2085"]
[BlackElo "2260"]
[Result "1-0"]
[Round "10"]
[TimeControl "180+1"]
[Date "2021.08.24"]
[WhiteClock "0:00:12"]
[BlackClock "0:00:15"]

1. e4 e5 2. Bc4 Nc6 3. d3 Nf6 4. Nc3 Bc5 5. f4 d6 6. Nf3 Bg4 7. Bb5 O-O 8. Bxc6 bxc6 9. fxe5 dxe5 10. Qe2 Bd4 11. Nd1 Rb8 12. h3 Bh5 13. g4 Bg6 14. c3 Bb6 15. Nxe5 Qd6 16. Bf4 Qe6 17. Nxg6 hxg6 18. Ne3 Rbd8 19. O-O Rfe8 20. Kg2 Nd7 21. Nc4 Nc5 22. Rad1 Nxd3 23. Rxd3 Qxc4 24. Rfd1 Rxd3 25. Qxd3 Qxa2 26. Rd2 Qe6 27. Kf3 Qf6 28. g5 Qe6 29. Kg3 Kh7 30. h4 Qa2 31. Qd7 Rxe4 32. h5 gxh5 33. Qf5+ g6 34. Qxe4 Qa1 35. Rg2 Qh1 36. Qf3 Bc5 37. Be5 Qe1+ 38. Kh3 Qxe5 39. Qxf7+ Kh8 40. Qf6+ Qxf6 41. gxf6 Kh7 42. Re2 g5 43. Re7+ Kg6 44. Rxc7 g4+ 45. Kg2 Be3 46. Rxc6 h4 47. b4 h3+ 48. Kg3 Kg5 49. f7 Bf4+ 50. Kf2 g3+ 51. Kf3 g2 52. Rc5+ Kg6 53. f8=Q g1=Q 54. Qg8+ Kf6 55. Qxg1 1-0


[Site "https://www.chess.com"]

[Event "Titled Tuesday Blitz August 24 2021"]
[White "Lopez Gracia, Fernando"]
[Black "Rodriguez, Santiago"]
[WhiteFideId "2207184"]
[BlackFideId "3000591"]
[WhiteElo "2400"]
[BlackElo "2256"]
[Result "0-1"]
[Round "10"]
[TimeControl "180+1"]
[Date "2021.08.24"]
[WhiteClock "0:00:37"]
[BlackClock "0:01:01"]

1. c4 e5 2. Nc3 Bb4 3. Nd5 a5 4. e3 c6 5. Nxb4 axb4 6. d4 d6 7. dxe5 dxe5 8. Qxd8+ Kxd8 9. Nf3 f6 10. b3 Ne7 11. Be2 Kc7 12. O-O Be6 13. a3 Na6 14. Bd2 bxa3 15. Rxa3 Nc5 16. Rfa1 Rxa3 17. Rxa3 Ne4 18. Ba5+ b6 19. Be1 Kb7 20. Nd2 Nxd2 21. Bxd2 Rd8 22. Ra2 Bf5 23. Kf1 Bd3 24. Rb2 e4 25. Bxd3 Rxd3 26. Ke2 Ng6 27. f3 f5 28. b4 Nh4 29. Kf2 g5 30. Be1 exf3 31. gxf3 f4 32. Bd2 h6 33. Ke2 Ra3 34. exf4 Nxf3 35. fxg5 hxg5 36. Be3 g4 37. h3 Ne5 38. hxg4 Nxc4 39. Rb1 Rxe3+ 40. Kf2 Re4 41. Kf3 Nd2+ 0-1


[Site "https://www.chess.com"]

[Event "Titled Tuesday Blitz August 24 2021"]
[White "Maghsoodloo, Parham"]
[Black "Sadhwani, Raunak"]
[WhiteFideId "12539929"]
[BlackFideId "35093487"]
[WhiteElo "2601"]
[BlackElo "2514"]
[Result "1-0"]
[Round "10"]
[TimeControl "180+1"]
[Date "2021.08.24"]
[WhiteClock "0:00:04"]
[BlackClock "0:00:03"]

1. e4 e5 2. Nf3 Nc6 3. Bb5 Nf6 4. O-O Nxe4 5. Re1 Nd6 6. Nxe5 Be7 7. Bf1 Nxe5 8. Rxe5 O-O 9. d4 Bf6 10. Re1 Ne8 11. d5 d6 12. Nd2 Bg5 13. a4 a5 14. Ra3 Nf6 15. Bc4 c6 16. Ne4 Bxc1 17. Qxc1 Nxe4 18. Rxe4 Bf5 19. Re2 Qh4 20. f4 h5 21. g3 Qf6 22. Rae3 Qd4 23. Bb3 Bg4 24. Qd2 c5 25. c3 Qxd2 26. Rxd2 Rfe8 27. Kf2 Rxe3 28. Kxe3 Re8+ 29. Kf2 Bd7 30. Bd1 g6 31. b4 axb4 32. cxb4 cxb4 33. Rd4 b5 34. axb5 Bxb5 35. Rxb4 Bd3 36. Rb6 Rd8 37. Ke3 Bf5 38. Kd4 Kf8 39. Ba4 Ke7 40. Bc6 h4 41. Kc4 hxg3 42. hxg3 Kf6 43. Rb7 Rf8 44. Kb5 g5 45. Kb6 gxf4 46. gxf4 Rh8 47. Ra7 Rh4 48. Kc7 Ke7 49. Ra8 Rxf4 50. Re8+ Kf6 51. Kxd6 Rd4 52. Kc7 Rd2 53. d6 Be6 54. d7 Bxd7 55. Bxd7 Rc2+ 56. Bc6 Rd2 57. Re3 Rd4 58. Be8 Rf4 59. Kd6 Rd4+ 60. Kc5 Rf4 61. Bc6 Kg7 62. Bd5 Rf6 63. Bc6 Kf8 64. Kb6 Kg7 65. Kc7 Kf8 66. Kd7 Kg7 67. Bd5 Kf8 68. Re8+ Kg7 69. Rc8 Rf5 70. Kd6 Rf2 71. Rc4 Kf8 72. Rg4 Rf6+ 73. Ke5 Ke7 74. Ra4 Rf2 75. Be4 Re2 76. Ra7+ Kf8 77. Kf4 Rf2+ 78. Kg5 Kg7 79. Bd5 Rf6 80. Be4 Rf2 81. Ra3 Kf8 82. Rh3 Kg7 83. Rh7+ Kf8 84. Bf5 Ke7 85. Rh8 Rg2+ 86. Bg4 Rf2 87. Ra8 Rf1 88. Bf5 Rg1+ 89. Kf4 Rf1+ 90. Kg4 Rg1+ 91. Kh5 Rh1+ 92. Kg5 Rg1+ 93. Bg4 Rf1 94. Rb8 Rf2 95. Bh3 Rf3 96. Bf5 Rf2 97. Rb7+ Kd6 98. Rxf7 Ke5 99. Re7+ Kd4 100. Re1 Kd5 101. Bg4 Kd4 102. Kh4 Rg2 103. Bf3 Rb2 104. Kg4 Ra2 105. Kf4 Rb2 106. Rd1+ Kc5 107. Ke3 Rb3+ 108. Ke4 Rb8 109. Rd5+ Kc4 110. Be2+ Kc3 111. Rd3+ Kc2 112. Ra3 Re8+ 113. Kf3 Kd2 114. Bc4 Re7 115. Bd5 Rh7 116. Kf4 Re7 117. Be4 Re8 118. Rd3+ Ke2 119. Rc3 Rf8+ 120. Bf5 Rd8 121. Rc2+ Rd2 122. Rc3 Rd8 123. Bg6 Rd6 124. Be4 Rd8 125. Rc2+ Rd2 126. Rc1 Rd8 127. Rh1 Rf8+ 128. Bf5 Rd8 129. Rh2+ Kd1 130. Ke3 Kc1 131. Bd3 Rc8 132. Be4 Rd8 133. Rc2+ Kd1 134. Rc4 Rd7 135. Bf3+ Ke1 136. Rc1+ Rd1 137. Rxd1# 1-0


[Site "https://www.chess.com"]

[Event "Titled Tuesday Blitz August 24 2021"]
[White "Maly, Alexey"]
[Black "Obolentseva, Alexandra"]
[WhiteFideId "14103184"]
[BlackFideId "24153648"]
[WhiteElo "2250"]
[BlackElo "2113"]
[Result "1/2-1/2"]
[Round "10"]
[TimeControl "180+1"]
[Date "2021.08.24"]
[WhiteClock "0:00:06"]
[BlackClock "0:00:18"]

1. d4 Nf6 2. c4 g6 3. Nc3 Bg7 4. e4 O-O 5. Be2 d6 6. Nf3 e5 7. O-O exd4 8. Nxd4 Re8 9. f3 c6 10. Nc2 d5 11. cxd5 cxd5 12. exd5 Nbd7 13. Kh1 Nb6 14. Ne3 Nh5 15. Bb5 Bd7 16. Bxd7 Qxd7 17. a4 Rad8 18. a5 Na8 19. Qb3 Nf4 20. Ra4 Nd3 21. Re4 Rxe4 22. Nxe4 Nxc1 23. Rxc1 Rc8 24. Rxc8+ Qxc8 25. Qc4 Qd8 26. d6 Bxb2 27. Nd5 Qxa5 28. Ne7+ Kg7 29. g3 Nb6 30. Qc2 Bd4 31. Kg2 Qb5 32. Qd2 Qb2 33. Qxb2 Bxb2 34. Nc5 Ba3 35. Nxb7 a5 36. Nxa5 Bxd6 37. Nec6 Bc5 38. Nb3 Be3 39. Ne5 Nd5 40. f4 f6 41. Nd3 g5 42. fxg5 fxg5 43. Kf3 Bg1 44. h3 h5 45. Nbc5 Bxc5 46. Nxc5 Kg6 47. Ke4 Nf6+ 48. Ke5 h4 49. g4 Ne8 50. Ne6 Nf6 51. Nd4 Nd7+ 52. Ke6 Nc5+ 53. Kd5 Nd3 54. Nf3 Nf4+ 55. Ke4 Nxh3 56. Ne5+ Kf6 57. Nd7+ Ke6 58. Nc5+ Kf7 59. Kf5 Nf2 60. Ne6 Nh3 61. Nd4 Kg7 62. Nf3 Kh6 63. Ke4 Nf4 64. Kf5 h3 65. Nh2 Ng2 66. Ke4 Nh4 67. Ke3 Ng6 68. Kf2 Nf4 69. Kg3 Kg6 70. Nf3 Kf6 71. Ng1 Ke5 72. Nxh3 Nxh3 73. Kxh3 Kf4 74. Kh2 Kxg4 75. Kg2 Kf4 76. Kf2 g4 77. Kg2 g3 78. Kg1 Kg4 79. Kg2 Kh4 80. Kg1 Kg4 81. Kg2 Kf4 82. Kg1 Kf3 83. Kf1 g2+ 84. Kg1 Kg3 1/2-1/2


[Site "https://www.chess.com"]

[Event "Titled Tuesday Blitz August 24 2021"]
[White "Martin Carmona, Gaston Manuel"]
[Black "Potapova, Margarita"]
[WhiteFideId "22284567"]
[BlackFideId "14126869"]
[WhiteElo "2161"]
[BlackElo "2214"]
[Result "0-1"]
[Round "10"]
[TimeControl "180+1"]
[Date "2021.08.24"]
[WhiteClock "0:00:26"]
[BlackClock "0:00:19"]

1. e4 c5 2. Nf3 d6 3. d4 cxd4 4. Nxd4 Nf6 5. Nc3 a6 6. Be2 e5 7. Nb3 Be7 8. O-O O-O 9. Kh1 b5 10. a4 b4 11. Nd5 Nxd5 12. Qxd5 Ra7 13. Be3 Be6 14. Qa5 Qxa5 15. Nxa5 Rc7 16. Rfc1 Rfc8 17. Bd3 d5 18. Nb3 d4 19. Bd2 g6 20. f3 Bc4 21. f4 Nd7 22. Na5 Bxd3 23. cxd3 Rc2 24. Nc4 R8xc4 25. dxc4 Rxd2 26. fxe5 Nc5 27. Rd1 Rxd1+ 28. Rxd1 d3 29. Kg1 Bf8 30. Kf2 Bg7 31. b3 Bxe5 32. g3 Bc3 33. Rb1 d2 34. Ke2 Nxe4 35. Rf1 f5 36. Kd3 Kf7 37. Kc2 Ke6 38. Rf3 Ke5 39. Rd3 Nf2 40. Rd7 d1=Q+ 41. Rxd1 Nxd1 42. Kxd1 Kd4 43. Ke2 Ke4 44. Kf2 Bd4+ 45. Ke2 g5 0-1


[Site "https://www.chess.com"]

[Event "Titled Tuesday Blitz August 24 2021"]
[White "Mezentsev, Ivan"]
[Black "Kavyev, Ruslan"]
[WhiteFideId "13706195"]
[BlackFideId "34110981"]
[WhiteElo "2295"]
[BlackElo "2172"]
[Result "0-1"]
[Round "10"]
[TimeControl "180+1"]
[Date "2021.08.24"]
[WhiteClock "0:00:04"]
[BlackClock "0:01:19"]

1. d4 Nf6 2. Nf3 g6 3. Bf4 Bg7 4. e3 O-O 5. h3 c5 6. Nbd2 Qb6 7. Nc4 Qa6 8. a4 d5 9. Nce5 Qb6 10. Qc1 Nc6 11. c3 Bf5 12. Be2 Rac8 13. Nxc6 bxc6 14. a5 Qb7 15. a6 Qb6 16. dxc5 Qxc5 17. O-O Ne4 18. Bh2 Qb6 19. Rd1 Rfd8 20. Nd4 Bd7 21. Qc2 c5 22. Nf3 e6 23. Ne5 Be8 24. c4 Rb8 25. Bf3 Qxb2 26. Qxb2 Rxb2 27. Bxe4 d4 28. exd4 cxd4 29. Nd3 Rc2 30. Rdc1 Rc3 31. Bc7 Rc8 32. Ba5 R3xc4 33. Rxc4 Rxc4 34. Rc1 Bb5 35. Rxc4 Bxc4 36. Bb6 f5 37. Nb2 Bxa6 38. Bxa7 fxe4 39. f3 e3 40. Bc5 d3 41. Na4 d2 0-1


[Site "https://www.chess.com"]

[Event "Titled Tuesday Blitz August 24 2021"]
[White "Mirzanurov, Bulat"]
[Black "Tregubov, Pavel V."]
[WhiteFideId "4184521"]
[BlackFideId "4115341"]
[WhiteElo "2208"]
[BlackElo "2423"]
[Result "0-1"]
[Round "10"]
[TimeControl "180+1"]
[Date "2021.08.24"]
[WhiteClock "0:00:07"]
[BlackClock "0:01:00"]

1. e4 e6 2. d4 d5 3. Nc3 Bb4 4. e5 c5 5. a3 Ba5 6. b4 cxd4 7. Nb5 Bc7 8. Nf3 Bd7 9. Nbxd4 Ba4 10. Bd3 Ne7 11. O-O Nbc6 12. Re1 Nxd4 13. Nxd4 O-O 14. Qg4 Ng6 15. f4 Bb6 16. Be3 Rc8 17. Re2 Qd7 18. h4 Bxd4 19. Bxd4 Bb5 20. h5 Bxd3 21. cxd3 Ne7 22. Bc5 b6 23. Bxe7 Qxe7 24. h6 g6 25. Qh3 Rc3 26. Rd1 Rfc8 27. g4 Rxa3 28. f5 Qg5 29. fxe6 fxe6 30. Rf1 Rc1 31. Rf2 Rxf1+ 32. Rxf1 Rc3 33. Qf3 Qe7 34. Ra1 Rc8 35. Rf1 a5 36. bxa5 bxa5 37. d4 Rf8 38. Qb3 Rxf1+ 39. Kxf1 Qb4 40. Qf3 Qe7 41. Qb3 Qb4 42. Qf3 Qf8 43. Qxf8+ Kxf8 44. Ke2 a4 45. Kd2 g5 46. Kc2 Kf7 47. Kb2 Kg6 48. Ka3 Kxh6 49. Kxa4 Kg6 50. Kb5 h5 51. gxh5+ Kxh5 52. Kc6 g4 53. Kd6 g3 54. Kxe6 g2 55. Kd6 g1=Q 56. Kxd5 Kg6 57. e6 Kf6 0-1


[Site "https://www.chess.com"]

[Event "Titled Tuesday Blitz August 24 2021"]
[White "Mogirzan, Matei-Valeriu"]
[Black "Shuvalova, Polina"]
[WhiteFideId "1257455"]
[BlackFideId "24171760"]
[WhiteElo "1733"]
[BlackElo "2299"]
[Result "0-1"]
[Round "10"]
[TimeControl "180+1"]
[Date "2021.08.24"]
[WhiteClock "0:00:04"]
[BlackClock "0:00:05"]

1. e4 c6 2. d4 d5 3. Nc3 dxe4 4. Nxe4 Nf6 5. Nxf6+ exf6 6. Bd3 Bd6 7. Qh5 g6 8. Qh6 Bf8 9. Qh4 Bd6 10. Ne2 O-O 11. Bh6 Re8 12. O-O-O Nd7 13. Nc3 Nb6 14. Rhe1 Rxe1 15. Rxe1 Be6 16. Ne4 Be7 17. Qg3 Qxd4 18. Nc3 Qd7 19. h4 Nd5 20. Ne4 Rd8 21. h5 f5 22. Ng5 Bxg5+ 23. Bxg5 Re8 24. h6 f6 25. Bd2 Bf7 26. c4 Rxe1+ 27. Bxe1 Nc7 28. Bc3 Ne8 29. Qe3 b6 30. Kc2 c5 31. g4 fxg4 32. Qf4 Qe6 33. Qb8 a5 34. Qb7 g5 35. Qe4 Qxe4 36. Bxe4 Bxc4 37. Bf5 Be2 38. Be6+ Kf8 39. a3 Bf3 40. Bf5 Kg8 41. Be6+ Kf8 42. Bf5 Kg8 43. b4 axb4 44. axb4 cxb4 45. Bxb4 Nc7 46. Bd6 Nb5 47. Be6+ Kh8 48. Bf7 Nxd6 49. Be6 Be4+ 50. Kb3 Bf5 51. Bd5 Ne4 52. Kb4 Nxf2 53. Kb5 g3 54. Kxb6 Be4 55. Be6 g2 56. Kc7 g1=Q 57. Kd8 Qe1 58. Ke7 Bg6 59. Kf8 g4 60. Ke7 Qb4+ 61. Kxf6 g3 62. Bd5 Qd6+ 63. Be6 Qxe6+ 64. Kg5 g2 65. Kh4 Qe4+ 66. Kg5 Qg4+ 67. Kf6 g1=Q 68. Ke7 Qe1+ 69. Kf8 Qf5# 0-1


[Site "https://www.chess.com"]

[Event "Titled Tuesday Blitz August 24 2021"]
[White "Molina, Roberto Junio Brito"]
[Black "Nazaretyan, Tigran"]
[WhiteFideId "2109450"]
[BlackFideId "24162345"]
[WhiteElo "2402"]
[BlackElo "2167"]
[Result "1/2-1/2"]
[Round "10"]
[TimeControl "180+1"]
[Date "2021.08.24"]
[WhiteClock "0:01:37"]
[BlackClock "0:02:07"]

1. d4 Nf6 2. c4 c5 3. d5 b5 4. cxb5 a6 5. b6 d6 6. Nc3 Nbd7 7. e4 g6 8. a4 a5 9. Nf3 Bg7 10. Nd2 O-O 11. Bb5 Nxb6 12. O-O e6 13. Nc4 exd5 14. Nxb6 Qxb6 15. exd5 Bg4 16. f3 Bd7 17. Be3 Rfe8 18. Bf2 Bxb5 19. axb5 Re5 20. Qd3 Qb7 21. Rfd1 Qe7 22. Re1 Nd7 23. f4 Rxe1+ 24. Rxe1 Qf6 25. g3 a4 26. Re2 a3 27. Ne4 Qxb2 28. Rxb2 axb2 29. Nd2 Ra1+ 30. Nb1 Nb6 31. Kg2 Nxd5 32. Qxd5 Rxb1 33. Qa8+ Bf8 34. Qa2 Ra1 35. Qxb2 Bg7 36. Qxa1 Bxa1 37. b6 c4 38. b7 c3 39. b8=Q+ Kg7 40. Qb3 h5 41. Bd4+ Kh6 42. Bxc3 d5 43. Bxa1 f5 44. Qxd5 h4 45. gxh4 Kh5 46. Qf7 Kg4 47. Qxg6+ Kxh4 48. Qg3+ Kh5 49. Bb2 Kh6 50. Bc1 Kh7 51. Kf3 Kh6 52. Ke2 Kh5 53. Kd3 Kh6 54. Kd4 Kh7 55. Kd5 Kh6 56. Kc4 Kh5 57. Kc5 Kh6 58. Kb4 Kh5 59. Kb5 Kh6 60. Ka4 Kh5 61. Ka5 Kh6 62. Ka6 Kh5 63. Kb6 Kh6 64. Kc6 Kh5 65. Bd2 Kh6 66. Kd7 Kh5 67. Kd6 Kh6 68. Ke6 Kh5 69. Ke5 Kh6 70. Kd5 Kh5 71. Kd4 Kh6 72. Kc4 Kh7 73. Kc3 Kh8 74. Kb4 Kh7 75. Kb3 Kh8 76. Ka4 Kh7 77. Ka3 Kh8 78. h3 Kh7 79. Ka2 Kh8 80. Ka1 Kh7 81. Kb2 Kh6 82. Kb1 Kh5 83. Kc2 Kh6 84. Kc1 Kh7 85. Kd1 Kh8 86. Ke2 Kh7 87. Ke1 Kh8 88. Kf2 Kh7 89. Kf1 Kh6 90. Kg2 Kh7 91. Kg1 Kh6 92. Kh2 Kh5 93. Kh1 Kh6 94. Kg2 Kh7 95. Kf3 Kh8 96. Ke3 Kh7 97. Kd4 Kh6 98. Ke5 Kh5 99. Kxf5 Kh6 100. Ke4 Kh7 101. Kd4 Kh8 102. Kd3 Kh7 103. Be1 Kh6 104. Ke2 Kh5 105. Kd1 Kh6 106. Kd2 Kh7 107. Kc2 Kh8 108. Kc1 Kh7 109. Kb2 Kh6 110. Kb1 Kh5 111. Ka2 Kh6 112. Ka1 Kh7 113. Kb2 Kh8 114. Ka3 Kh7 115. Kb3 Kh6 116. Kb4 Kh5 117. Ka4 Kh6 118. Ka5 Kh7 119. Kb5 Kh8 120. Kc5 Kh7 121. Kc4 Kh6 122. Kd5 Kh5 123. Kd4 Kh6 124. Ke5 Kh7 125. Ke4 Kh8 126. Qg4 Kh7 127. Ke5 Kh6 128. Kd5 Kh7 129. Kc6 Kh8 130. Kc5 Kh7 131. Kb6 Kh8 132. Kb5 Kh7 133. Ka6 Kh8 134. Ka7 Kh7 135. Kb7 Kh6 136. Ka8 Kh7 137. Kb8 Kh8 138. Kc8 Kh7 139. Kc7 Kh6 140. Kd7 Kh7 141. Kd8 Kh8 142. Ke7 Kh7 143. Ke6 Kh6 144. Ke5 Kh7 145. Ke4 Kh8 146. Kf3 Kh7 147. Kf2 Kh6 148. Kg3 Kh7 149. Kg2 1/2-1/2


[Site "https://www.chess.com"]